 Dungeon Crawl Stone Soup version 0.20.1-1-g8b1a95d (webtiles) character file.

71041 NoNouf the Destroyer (level 14, -2/82 HPs)
             Began as a Deep Elf Ice Elementalist on July 29, 2017.
             Was a High Priest of Sif Muna.
             Slain by an ice devil (18 damage)
             ... summoned by an orc sorcerer
             ... while paralysed by an orc sorcerer
             ... on level 2 of the Orcish Mines on Aug 4, 2017.
             The game lasted 04:57:00 (40299 turns).

NoNouf the Destroyer (Deep Elf Ice Elementalist)   Turns: 40299, Time: 04:57:01

Health: -2/82      AC: 12    Str:  4 (5)  XL:     14   Next: 96%
Magic:  1/33       EV:  2    Int: 25      God:    Sif Muna [*****.]
Gold:   1188       SH:  0    Dex: 17 (19) Spells: 13/40 levels left

rFire    + + .     SeeInvis +   o - staff of death
rCold    . . .     Gourm    .   (no shield)
rNeg     + . .     Faith    +   a - +0 robe
rPois    .         Spirit   .   k - +2 helmet
rElec    +         Reflect  .   n - scarf {repulsion}
rCorr    .         Harm     .   y - +2 pair of gloves of Iximyf {rElec rF+}
MR       +....     Clarity  +   F - +1 pair of boots
Stlth    +++.......             u - amulet of faith
Regen    0.3/turn               w - +3 ring of intelligence
MPRegen  0.3/turn               x - ring of see invisible

@: paralysed, drained, repel missiles
A: talons 1, molten scales 1, clarity, deformed body, deterioration 1, fire
resistance 1, shaggy fur 1
a: Divine Energy, Channel Magic, Forget Spell, Renounce Religion


You were on level 2 of the Orcish Mines.
You worshipped Sif Muna.
Sif Muna was extremely pleased with you.
You were not hungry.

You visited 4 branches of the dungeon, and saw 22 of its levels.
You also visited: Sewer.

You collected 1773 gold pieces.
You spent 585 gold pieces at shops.

Inventory:

Armour
 a - a +0 robe (worn)
 k - a +2 helmet (worn)
 n - a scarf of repulsion (worn)
 y - the +2 pair of gloves of Iximyf (worn) {rElec rF+}
   (You bought it in a shop on level 2 of the Orcish Mines)

   It protects you from fire.
   It insulates you from electricity.
 F - a +1 pair of boots (worn)
Magical Staves
 o - an uncursed staff of death (weapon)
Jewellery
 i - an uncursed ring of protection from fire
 j - an uncursed ring of protection from fire
 p - the amulet of Tulips {Gourm rC+ Str+2}
   (You took it off an orc on level 11 of the Dungeon)

   [amulet of the gourmand]

   It allows you to eat raw meat even when not hungry.
   It affects your strength (+2).
   It protects you from cold.
 t - an uncursed ring of positive energy
 u - an amulet of faith (around neck)
 w - a +3 ring of intelligence (left hand)
 x - a ring of see invisible (right hand)
 B - an uncursed ring of flight
 D - an uncursed ring of poison resistance
 N - an uncursed ring of ice
 P - an uncursed ring of positive energy
 R - an uncursed amulet of magic regeneration
 U - an uncursed ring of resist corrosion
Wands
 l - a wand of lightning (4/15)
 r - a wand of digging (15/24)
 C - a wand of acid (9/15)
 E - a wand of enslavement (7/24)
 G - a wand of paralysis (16/24)
 V - a wand of iceblast (5/15)
Scrolls
 b - a scroll of enchant weapon
 d - a scroll of recharging
 v - 5 scrolls of remove curse
Potions
 c - 4 potions of mutation
 e - a potion of haste
 s - a potion of cancellation
 A - a potion of curing
 S - a potion of resistance
Miscellaneous
 O - a lamp of fire (inert)
Comestibles
 g - 24 royal jellies
 h - 7 meat rations
 H - a fruit
 L - 2 bread rations


   Skills:
 - Level 7.1(6.6) Fighting
 - Level 4.0(3.5) Staves
 - Level 12.0(11.4) Dodging
 - Level 5.0(4.5) Stealth
 + Level 13.9(13.3) Spellcasting
 - Level 14.7(14.1) Conjurations
 - Level 0.4(0.0) Charms
 - Level 5.0(4.5) Summonings
 - Level 0.2(0.0) Fire Magic
 - Level 10.0(9.4) Ice Magic
 - Level 11.1(10.5) Earth Magic
 - Level 5.0(4.4) Invocations


You had 13 spell levels left.
You knew the following spells:

 Your Spells              Type           Power        Failure   Level  Hunger
a - Freeze                Ice            ####         1%          1    None
b - Throw Frost           Conj/Ice       ######       1%          2    None
c - Throw Icicle          Conj/Ice       ######..     1%          4    None
d - Ozocubu's Armour      Chrm/Ice       #####...     1%          3    None
e - Summon Ice Beast      Ice/Summ       ######..     1%          4    None
g - Bolt of Cold          Conj/Ice       ######....   4%          6    #####..
h - Searing Ray           Conj           ######       0%          2    None
i - Bolt of Magma         Conj/Fire/Erth ######....   3%          5    ###....


Dungeon Overview and Level Annotations

Branches:
Dungeon (13/15)            Temple (1/1) D:6            Lair (6/6) D:10
  Swamp (0/4) Lair:2       Spider (0/4) Lair:3        Slime (0/5) Lair:6
    Orc (2/2) D:11            Elf (0/3) Orc:2
 Vaults: D:13-14

Altars:
Ashenzari
Cheibriados
Dithmenos
Elyvilon
Fedhas
Gozag
Hepliaklqana
Kikubaaqudgha
Makhleb
Nemelex Xobeh
Okawaru
Qazlal
Ru
Sif Muna
Trog
Uskayaw
Vehumet
Xom
Yredelemnul
Zin
The Shining One
Beogh
Jiyva

Shops:
D:6 *   D:8 }   D:10 ([*}   D:11 (   Orc:2 [

Portals:
Trove: D:11 (show slimy rune of Zot)

Annotations:
Lair:6 1 runed door, exclusion: door


Innate Abilities, Weirdness & Mutations

You have sharp toenails.
You are partially covered in molten scales. (AC +2)
You possess an exceptional clarity of mind.
Armour fits poorly on your strangely shaped body.
Your body sometimes deteriorates upon taking damage.
Your flesh is heat resistant. (rF+)
You are covered in fur. (AC +1)


Message History

You suddenly lose the ability to move!
The ice devil completely misses you.
The orc sorcerer gestures wildly while chanting.
The orc sorcerer points at you and mumbles some strange words.
You easily resist.
The ice devil hits you! The ice devil freezes you!!
Your body deteriorates!
You feel weakened.
The orc sorcerer points at you and mumbles some strange words.
Helpless, you fail to dodge the bolt of negative energy.
You partially resist.
You feel drained.
The ice devil hits you but does no damage.
The orc sorcerer no longer looks unusually strong.
The orc sorcerer casts a spell.
The orc sorcerer hits you but does no damage.
The ice devil hits you. The ice devil freezes you!
* * * LOW HITPOINT WARNING * * *
The orc sorcerer casts a spell.
The red devil hits you but does no damage.
The ice devil hits you!
* * * LOW HITPOINT WARNING * * *
The ice devil freezes you!!
You die...

.................#...#
..............#.#....#
......).......##....##
...............).....#
.....)............#.##
...........#..#)...##
...............o...##
.....)...#.....o4)..#
.>......#.....44@4..#
...........##.##....##
...........######....#
###..####.## ##..##
#### ### ####


You could see a hellwing, an ice devil, 2 orc sorcerers and 2 red devils.

Vanquished Creatures
  An ettin (Orc:2)
  8 hydras
  Erica (D:10)
  Erolcha (D:9)
  2 catoblepae (Lair:6)
  2 two-headed ogres
  An anaconda (Lair:6)
  9 death yaks (Lair:6)
  An orc high priest (Orc:2)
  A slime creature (D:12)
  2 unseen horrors
  2 orc knights (Orc:2)
  3 ugly things
  A wolf spider (Lair:6)
  3 manticores
  A deep elf mage (D:12)
  2 orc sorcerers (D:11)
  2 elephants
  A cyclops (D:11)
  6 black mambas
  2 centaur zombies
  The ghost of bmj180 the Covered, a novice HuFi of Qazlal (D:5)
  A gargoyle (D:12)
  10 spiny frogs
  10 komodo dragons
  A demonic crawler (Lair:3)
  3 trolls
  5 blink frogs
  2 hornets
  6 hippogriffs
  3 dream sheep (Lair:4)
  A shadow (D:11)
  A wraith (D:11)
  22 yaks
  2 hogs (Lair:5)
  4 hungry ghosts
  2 wyverns
  Grum (D:9)
  A basilisk (Lair:5)
  The ghost of bmj180 the Cutter, an amateur HaFi (D:4)
  2 wargs
  An acid dragon (D:11)
  15 water moccasins
  5 ice beasts
  6 porcupines
  2 phantoms
  3 sky beasts
  3 black bears
  7 ogres
  16 orc warriors
  A necrophage (D:7)
  An eye of draining (D:11)
  8 centaurs
  7 wolves
  16 crocodiles
  3 big kobolds
  A wyvern zombie (D:9)
  19 bullfrogs
  6 scorpions
  25 killer bees
  2 wights (D:10)
  4 electric eels
  2 howler monkeys
  2 bullfrog zombies
  8 crimson imps
  A gnoll shaman (D:10)
  7 hounds
  15 orc priests
  2 jellies (D:12)
  A bullfrog skeleton (D:10)
  5 iguanas
  4 centaur skeletons
  3 hell rats (Lair:5)
  21 orc wizards
  17 worker ants
  A hound zombie (D:7)
  A worker ant zombie (D:5)
  5 gnolls
  14 adders
  2 river rats (D:3)
  3 shadow imps
  An ooze (D:1)
  An adder zombie (D:10)
  An adder skeleton (D:4)
  A worm (Sewer)
  A dart slug (D:3)
  10 leopard geckos
  59 orcs
  16 giant cockroaches
  5 goblins
  6 hobgoblins
  15 jackals
  22 kobolds
  7 quokkas
  2 ball pythons
  14 bats
  6 frilled lizards
  A quokka zombie (D:5)
  7 rats
  A fungus (Lair:6)
572 creatures vanquished.

Vanquished Creatures (collateral kills)
  Kirke (Lair:5)
  Snorg (Lair:5)
  3 hydras
  A catoblepas (Lair:6)
  A two-headed ogre (Orc:1)
  2 death yaks (Lair:6)
  Nergalle (Lair:1)
  A manticore (Lair:6)
  An orc sorcerer (Orc:1)
  2 ugly things
  6 elephants
  Joseph (D:9)
  3 black mambas
  A rime drake (Lair:6)
  3 spiny frogs
  2 komodo dragons
  A queen bee (Lair:1)
  2 hornets (D:9)
  2 trolls
  2 polar bears
  Prince Ribbit (D:9)
  A hippogriff (D:10)
  A dream sheep (Lair:4)
  7 blink frogs (Lair:1)
  30 yaks
  3 basilisks
  A wyvern (D:8)
  A hungry ghost (D:8)
  2 soldier ants (D:9)
  3 water moccasins
  2 porcupines
  7 orc warriors (Orc:1)
  A black bear (D:10)
  A phantom (D:9)
  3 ogres (D:9)
  10 wolves
  2 centaurs
  2 crocodiles
  2 big kobolds
  A bullfrog (D:8)
  A scorpion (Lair:3)
  A water moccasin skeleton (D:8)
  2 wights (D:10)
  10 killer bees
  An electric eel (D:10)
  A crimson imp (D:9)
  2 hounds (D:10)
  A jelly (D:8)
  A bullfrog skeleton (D:8)
  An orc priest (D:11)
  14 orc wizards
  An iguana (D:10)
  3 hell rats (Lair:5)
  3 worker ants
  A hound skeleton (D:8)
  2 adders
  A gnoll (Orc:1)
  An adder skeleton (D:8)
  A leopard gecko (D:9)
  23 orcs
  3 giant cockroaches
  13 kobolds
  2 fungi (Lair:3)
207 creatures vanquished.

Vanquished Creatures (others)
  2 orcs (D:11)
  A kobold (D:9)
  22 bushes (Lair:6)
  38 fungi
  18 plants
81 creatures vanquished.

Grand Total: 860 creatures vanquished

Notes
Turn   | Place    | Note
-------+----------+-------------------------------------------
     0 | D:1      | NoNouf the Deep Elf Ice Elementalist began the quest for the Orb.
     0 | D:1      | Reached XP level 1. HP: 10/10 MP: 6/6
   296 | D:1      | Reached XP level 2. HP: 13/15 MP: 4/8
   424 | D:1      | Learned a level 2 spell: Throw Frost
  1126 | D:2      | Reached XP level 3. HP: 19/19 MP: 4/9
  1795 | D:2      | Found a white marble altar of Elyvilon.
  1826 | D:2      | Found an iron altar of Okawaru.
  2049 | D:3      | Reached XP level 4. HP: 20/24 MP: 1/10
  2201 | D:3      | Found a glowing drain.
  2277 | Sewer    | Entered a sewer
  2483 | Sewer    | Reached XP level 5. HP: 28/28 MP: 6/11
  2551 | Sewer    | Reached skill level 5 in Dodging
  2747 | Sewer    | Reached skill level 5 in Stealth
  2794 | Sewer    | Learned a level 4 spell: Throw Icicle
  3588 | D:3      | Reached skill level 2 in Conjurations
  4137 | D:4      | Reached XP level 6. HP: 30/32 MP: 1/12
  4280 | D:4      | Reached skill level 3 in Conjurations
  4369 | D:4      | Noticed bmj180's ghost (amateur HaFi)
  4872 | D:4      | Gained mutation: Your body sometimes deteriorates upon taking damage. [potion of mutation]
  4872 | D:4      | Gained mutation: Armour fits poorly on your strangely shaped body. [potion of mutation]
  4872 | D:4      | Gained mutation: You possess an exceptional clarity of mind. [potion of mutation]
  4872 | D:4      | Gained mutation: You evolve. [potion of mutation]
  4876 | D:5      | Entered Level 5 of the Dungeon
  4965 | D:5      | Noticed bmj180's ghost (novice HuFi)
  5376 | D:4      | Killed bmj180's ghost
  5376 | D:4      | Reached skill level 5 in Ice Magic
  5935 | D:5      | Reached XP level 7. HP: 36/36 MP: 3/13
  6245 | D:5      | Reached skill level 4 in Conjurations
  6529 | D:5      | Reached skill level 5 in Conjurations
  6783 | D:5      | Killed bmj180's ghost
  6783 | D:5      | Reached skill level 6 in Conjurations
  6783 | D:5      | Reached XP level 8. HP: 21/41 MP: 1/14
  7363 | D:5      | Reached skill level 7 in Conjurations
  7437 | D:5      | Gained mutation: You are partially covered in molten scales. (AC +2) [evolution]
  8054 | D:6      | Reached skill level 5 in Spellcasting
  8381 | D:6      | Learned a level 3 spell: Ozocubu's Armour
  8600 | D:6      | Found Qiotuyfenix's Assorted Antiques.
  8658 | D:6      | Reached XP level 9. HP: 45/45 MP: 21/21
  8714 | D:6      | Found a snail-covered altar of Cheibriados.
  9057 | D:6      | Bought a scroll of remove curse for 96 gold pieces
  9096 | D:6      | Found a staircase to the Ecumenical Temple.
  9106 | Temple   | Entered the Ecumenical Temple
  9623 | D:6      | Gained mutation: Your flesh is heat resistant. (rF+) [evolution]
  9948 | D:7      | Reached skill level 1 in Staves
  9964 | D:7      | Reached skill level 1 in Fighting
 10176 | D:7      | Found a sparkling altar of Nemelex Xobeh.
 10176 | D:7      | Found a snail-covered altar of Cheibriados.
 10855 | D:7      | Reached skill level 10 in Dodging
 10888 | D:7      | Gained mutation: You are covered in fur. (AC +1) [evolution]
 11474 | D:8      | Reached XP level 10. HP: 53/53 MP: 23/25
 11531 | D:8      | Learned a level 4 spell: Summon Ice Beast
 11622 | D:8      | Reached skill level 1 in Summonings
 11678 | D:8      | Found Xuedotih's Gadget Boutique.
 12136 | D:8      | Found a basalt altar of Yredelemnul.
 12136 | D:8      | Found a shimmering altar of Xom.
 12139 | D:8      | Found a radiant altar of Vehumet.
 12140 | D:8      | Found a stormy altar of Qazlal.
 13030 | D:9      | Reached skill level 5 in Summonings
 13217 | D:9      | Noticed Prince Ribbit
 13228 | D:9      | Killed Prince Ribbit
 13311 | D:9      | Noticed Grum
 13319 | D:9      | Killed Grum
 13466 | D:9      | Found a burning altar of Makhleb.
 13466 | D:9      | Noticed a balrug
 13470 | D:9      | Found a glowing silver altar of Zin.
 13471 | D:9      | Noticed an angel
 13922 | D:9      | Noticed Joseph
 13934 | D:9      | Killed Joseph
 14192 | D:9      | Noticed Erolcha
 14213 | D:9      | Killed Erolcha
 14213 | D:9      | Reached skill level 5 in Fighting
 14441 | D:9      | Lost mutation: You evolve. [evolution]
 14447 | D:9      | Found a deep blue altar of Sif Muna.
 14470 | D:9      | Became a worshipper of Sif Muna the Loreminder
 14902 | D:9      | Found a shadowy altar of Dithmenos.
 14972 | D:10     | Entered Level 10 of the Dungeon
 14978 | D:10     | Found Vuazame's Antique Armour Shoppe.
 15028 | D:10     | Bought a pair of runed boots for 195 gold pieces
 15044 | D:10     | Found Qeix's Assorted Antiques.
 15633 | D:10     | Reached XP level 11. HP: 48/66 MP: 4/26
 15766 | D:10     | Found Paug's Antique Weapon Boutique.
 15997 | D:10     | Found Darhy's Gadget Boutique.
 16063 | D:10     | Noticed a brown ugly thing
 16081 | D:10     | HP: 3/67 [acid (9)]
 16101 | D:10     | Killed a brown ugly thing
 16108 | D:10     | Gained mutation: You have sharp toenails. [mutagenic meat]
 16424 | D:10     | Noticed a two-headed ogre
 16440 | D:10     | Noticed Erica
 16444 | D:10     | Killed a two-headed ogre
 16444 | D:10     | Reached * piety under Sif Muna
 16468 | D:10     | Killed Erica
 16815 | D:10     | Found a glowing golden altar of the Shining One.
 16859 | D:10     | Reached ** piety under Sif Muna
 17146 | D:10     | Found a staircase to the Lair.
 17238 | D:10     | Killed an unseen horror
 17810 | Lair:1   | Entered Level 1 of the Lair of Beasts
 18031 | Lair:1   | Noticed a five-headed hydra
 18037 | Lair:1   | Killed a five-headed hydra
 18104 | Lair:1   | Reached *** piety under Sif Muna
 18109 | Lair:1   | Reached skill level 10 in Ice Magic
 18333 | Lair:1   | Reached skill level 1 in Invocations
 19055 | Lair:1   | Reached skill level 5 in Invocations
 19477 | Lair:1   | Noticed Nergalle
 19513 | Lair:1   | Killed Nergalle
 19513 | Lair:1   | Reached skill level 8 in Conjurations
 19513 | Lair:1   | Reached XP level 12. HP: 66/72 MP: 0/27
 20249 | Lair:2   | Noticed a five-headed hydra
 20257 | Lair:2   | Killed a five-headed hydra
 20257 | Lair:2   | Reached skill level 9 in Conjurations
 20287 | Lair:2   | Reached **** piety under Sif Muna
 20739 | Lair:2   | Found a staircase to the Swamp.
 20757 | Lair:2   | Reached skill level 10 in Spellcasting
 21939 | Lair:3   | Found a hole to the Spider Nest.
 22145 | Lair:3   | Reached skill level 10 in Conjurations
 22336 | Lair:3   | Reached ***** piety under Sif Muna
 23008 | Lair:2   | Reached skill level 11 in Conjurations
 24091 | Lair:4   | Identified Sif Muna's Reference Book on Damaging Lightness (Sif Muna gifted it to you on level 4 of the Lair of Beasts)
 24091 | Lair:4   | Received a gift from Sif Muna
 24095 | Lair:4   | Reached skill level 12 in Conjurations
 24147 | Lair:4   | Learned a level 8 spell: Lehudib's Crystal Spear
 24441 | Lair:4   | Reached skill level 1 in Earth Magic
 24633 | Lair:4   | Noticed a seven-headed hydra
 24638 | Lair:4   | Killed a seven-headed hydra
 24903 | Lair:4   | Found a shimmering altar of Xom.
 24919 | Lair:4   | Reached XP level 13. HP: 76/76 MP: 14/30
 25362 | Lair:5   | Reached skill level 5 in Earth Magic
 26230 | Lair:5   | Noticed Snorg
 26239 | Lair:5   | Killed Snorg
 26642 | Lair:5   | Noticed Kirke
 26658 | Lair:5   | Killed Kirke
 26658 | Lair:5   | Identified Cagoan Dyta's Reference Book on Summoning (Sif Muna gifted it to you on level 5 of the Lair of Beasts)
 26658 | Lair:5   | Received a gift from Sif Muna
 27454 | Lair:6   | Entered Level 6 of the Lair of Beasts
 27685 | Lair:6   | Found a runed door.
 27685 | Lair:6   | Found a viscous altar of Jiyva.
 27685 | Lair:6   | Noticed an azure jelly
 27685 | Lair:6   | Noticed an azure jelly
 27686 | Lair:6   | Found a staircase to the Slime Pits.
 28369 | Lair:6   | Reached skill level 10 in Earth Magic
 29079 | Lair:6   | Identified Sif Muna's Tome of Helpful Displacement (Sif Muna gifted it to you on level 6 of the Lair of Beasts)
 29079 | Lair:6   | Received a gift from Sif Muna
 30221 | Lair:6   | Learned a level 6 spell: Bolt of Cold
 30236 | Lair:6   | Reached skill level 13 in Conjurations
 30236 | Lair:6   | Reached XP level 14. HP: 82/82 MP: 18/31
 31647 | Lair:6   | Reached skill level 14 in Conjurations
 32772 | Lair:1   | Learned a level 2 spell: Searing Ray
 32915 | D:11     | Found a transporter.
 33074 | D:11     | Found a roughly hewn altar of Beogh.
 33133 | D:11     | HP: 3/82 [orc priest/divine providence (14)]
 33518 | D:11     | Found a transporter.
 33651 | D:11     | Found a staircase to the Orcish Mines.
 34011 | D:11     | Received a gift from Sif Muna
 34012 | D:11     | Identified Diw Odi's Handbook of Summoning and Stones (Sif Muna gifted it to you on level 11 of the Dungeon)
 34019 | D:11     | Learned a level 5 spell: Bolt of Magma
 35053 | D:11     | Found a portal to a secret trove of treasure.
 35065 | D:11     | Found Qyrigyep's Antique Weapon Shoppe.
 35206 | D:11     | Got a slimy platinum amulet
 35207 | D:11     | Identified the amulet of Tulips {Gourm rC+ Str+2} (You took it off an orc on level 11 of the Dungeon)
 37836 | Orc:1    | Entered Level 1 of the Orcish Mines
 38971 | Orc:2    | Entered Level 2 of the Orcish Mines
 39637 | Orc:2    | Found Bihikk's Antique Armour Emporium.
 39671 | Orc:2    | Bought a pair of smoking gloves for 294 gold pieces
 39686 | Orc:2    | Identified the +2 pair of gloves of Iximyf {rElec rF+} (You bought it in a shop on level 2 of the Orcish Mines)
 39746 | Orc:2    | Found a staircase to the Elven Halls.
 40295 | Orc:2    | Paralysed by an orc sorcerer for 7 turns
 40299 | Orc:2    | Slain by an ice devil

Skill      XL: |  1  2  3  4  5  6  7  8  9 10 11 12 13 14 |
---------------+-------------------------------------------+-----
Dodging        | 3 4 5 6 7 8 11 12 | 12.0
Stealth        | 3 4 5 |  5.0
Conjurations   | 2 3 6 7 8 12 13 14 | 14.7
Ice Magic      | 5 10 | 10.0
Spellcasting   | 7 9 11 13 | 13.9
Staves         | 2 4 |  4.0
Fighting       | 2 6 7 |  7.1
Summonings     | 5 |  5.0
Invocations    | 5 |  5.0
Earth Magic    | 3 11 | 11.1
Charms         | |  0.4
Fire Magic     | |  0.2

Action                   |  1- 3 |  4- 6 |  7- 9 | 10-12 | 13-15 || total
-------------------------+-------+-------+-------+-------+-------++-------
Melee: Unarmed           |       |    25 |       |       |       ||    25
       Quarterstaff      |       |       |     4 |    50 |    15 ||    69
       Staff             |       |       |       |       |   164 ||   164
Throw: Stone             |    17 |     2 |     5 |       |       ||    24
 Cast: Freeze            |    20 |    71 |    59 |   128 |   137 ||   415
       Throw Frost       |    40 |    87 |    79 |   107 |    55 ||   368
       Throw Icicle      |       |    13 |   117 |   234 |   350 ||   714
       Ozocubu's Armour  |       |       |     4 |     5 |     1 ||    10
       Summon Ice Beast  |       |       |       |   182 |   106 ||   288
       Bolt of Cold      |       |       |       |       |    44 ||    44
       Bolt of Magma     |       |       |       |       |    24 ||    24
       Searing Ray       |       |       |       |       |     8 ||     8
Invok: Channel Magic     |       |       |       |     3 |     9 ||    12
       Forget Spell      |       |       |       |       |     1 ||     1
Evoke: Wand              |       |       |       |     3 |     4 ||     7
       Lamp of fire      |       |       |       |       |     1 ||     1
  Use: Scroll            |       |     7 |     5 |    11 |    15 ||    38
       Potion            |       |     6 |     5 |     4 |     8 ||    23
 Stab: Sleeping          |       |       |     1 |       |       ||     1
       Distracted        |       |       |       |     1 |     1 ||     2
  Eat: Chunk             |     4 |    14 |    30 |    40 |    47 ||   135
       Bread ration      |       |     1 |       |     3 |       ||     4
       Fruit             |       |     1 |     3 |     6 |    10 ||    20
       Royal jelly       |       |       |       |     1 |     5 ||     6
Armor: Robe              |     2 |    12 |     9 |    47 |   115 ||   185
       Skin              |       |     8 |       |       |       ||     8
Dodge: Dodged            |     9 |    64 |    64 |   287 |   538 ||   962
       Deflected         |       |       |     3 |    13 |    12 ||    28
